 Dungeon Crawl Stone Soup version 0.20.0-15-g7f486f2 (webtiles) character file.

70 Chiseanne the Magician (level 4, 30/30 HPs)
             Began as a Demonspawn Wizard on June 15, 2017.
             Quit the game on level 2 of the Dungeon.
             The game lasted 00:04:38 (2480 turns).

Chiseanne the Magician (Demonspawn Wizard)          Turns: 2480, Time: 00:04:39

Health: 30/30      AC:  5    Str:  7    XL:     4   Next: 3%
Magic:  2/9        EV: 11    Int: 21    God:
Gold:   103        SH:  0    Dex: 11    Spells: 1/10 levels left

rFire    . . .     SeeInvis .   a - +3 dagger (speed)
rCold    . . .     Gourm    .   (no shield)
rNeg     . . .     Faith    .   i - +0 leather armour
rPois    .         Spirit   .   b - +0 hat
rElec    .         Reflect  .   (no cloak)
rCorr    .         Harm     .   (no gloves)
MR       .....                  (no boots)
Stlth    ++........             (no amulet)
Regen    1.1/turn               (no ring)
MPRegen  0.2/turn               (no ring)

@: no status effects
A: yellow scales 1, nightstalker 1, powered by death 1
a: no special abilities


You were on level 2 of the Dungeon.
You were hungry.

You visited 1 branch of the dungeon, and saw 2 of its levels.

You collected 103 gold pieces.

Inventory:

Hand Weapons
 a - a +3 dagger of speed (weapon)
Missiles
 c - 51 arrows
 k - 51 stones (quivered)
Armour
 b - a +0 hat (worn)
 i - a +0 leather armour (worn)
Scrolls
 g - 3 scrolls of remove curse
Potions
 e - a potion of heal wounds
 f - a potion of degeneration {unknown}
 j - a potion of resistance {unknown}
 l - a potion of might {unknown}
Comestibles
 d - a bread ration
 h - a fruit


   Skills:
 - Level 1.7 Dodging
 - Level 1.7 Stealth
 * Level 3.8 Spellcasting
 * Level 3.0 Conjurations
   Level 1.0 Summonings
 - Level 0.8 Translocations


You had one spell level left.
You knew the following spells:

 Your Spells              Type           Power        Failure   Level  Hunger
a - Magic Dart            Conj           ###.         5%          1    None
b - Blink                 Tloc           N/A          21%         2    ##.....
c - Conjure Flame         Conj/Fire      ##......     30%         3    ###....
d - Mephitic Cloud        Conj/Pois/Air  #.......     36%         3    ###....


Dungeon Overview and Level Annotations

Branches:
Dungeon (2/15)

Altars:

Annotations:
D:2 Sigmund


Innate Abilities, Weirdness & Mutations

You are partially covered in yellow scales. (AC +2)
You are slightly more attuned to the shadows.
You regenerate a little health from kills.


Message History

Casting: Magic Dart
Confirm with . or Enter, or press ? or * to list all spells.
Aiming: Magic Dart
Press: ? - help, Shift-Dir - straight line, f/p - gnoll
Aim: a gnoll, wielding a whip (heavily wounded)
The magic dart hits the gnoll.
The gnoll is severely wounded.
Casting: Magic Dart
Confirm with . or Enter, or press ? or * to list all spells.
Aiming: Magic Dart
Press: ? - help, Shift-Dir - straight line, f/p - gnoll
Aim: a gnoll, wielding a whip (severely wounded)
The magic dart hits the gnoll.
You kill the gnoll!
Your Conjurations skill increases to level 3!
You have reached level 4!
You feel clever.
Your demonic ancestry asserts itself...
You slip into the darkness of the dungeon.
The hobgoblin throws a stone.
The stone barely misses you.
Are you sure you want to abandon this character and quit the game? (Confirm with "yes".)

.........>.#####
#.# #.#........#
#.# #.#.....(#.##
#.##
#.#....#g#..#
#..#
#......#.##.###
##.#
#[.((..#.##...#
#.#
#..#####.####.###
#.# #..g# #)#
#...# #.## #.....
#@# ###.# #..#
...## #(#
#.#####.# .. #.#
#...# #.# . #.##
###.###.#
####..#####
#.....###
#<........#
#####...#
#.........# #####
#.........#
###########


You could see a hobgoblin.

Vanquished Creatures
  A gnoll (D:2)
  2 adders (D:1)
  An ooze (D:1)
  A worm (D:2)
  A dart slug (D:1)
  3 leopard geckos (D:1)
  A giant cockroach (D:1)
  4 goblins (D:1)
  3 hobgoblins
  4 kobolds (D:1)
  A quokka (D:2)
  4 bats
  3 frilled lizards
  3 rats
32 creatures vanquished.

Notes
Turn   | Place    | Note
-------+----------+-------------------------------------------
     0 | D:1      | Chiseanne the Demonspawn Wizard began the quest for the Orb.
     0 | D:1      | Reached XP level 1. HP: 13/13 MP: 4/4
   404 | D:1      | Gained mutation: You regenerate a little health from kills. [demonic ancestry]
   404 | D:1      | Reached XP level 2. HP: 19/19 MP: 1/6
  1162 | D:1      | Learned a level 2 spell: Blink
  1448 | D:1      | Gained mutation: You are partially covered in yellow scales. (AC +2) [demonic ancestry]
  1448 | D:1      | Reached XP level 3. HP: 10/24 MP: 2/7
  1847 | D:2      | Noticed Sigmund
  1918 | D:1      | Learned a level 3 spell: Conjure Flame
  1922 | D:1      | Learned a level 3 spell: Mephitic Cloud
  2479 | D:2      | Gained mutation: You are slightly more attuned to the shadows. [demonic ancestry]
  2479 | D:2      | Reached XP level 4. HP: 30/30 MP: 1/9
  2480 | D:2      | Quit the game

Skill      XL: |  1  2  3 |
---------------+----------+-----
Conjurations   | 2 3 |  3.0
Dodging        | |  1.7
Stealth        | |  1.7
Spellcasting   | |  3.8
Summonings     | |  1.0
Translocations | |  0.8

Action                   |  1- 3 |  4- 6 || total
-------------------------+-------+-------++-------
Melee: Dagger            |    63 |       ||    63
 Cast: Magic Dart        |    99 |     1 ||   100
       Mephitic Cloud    |     1 |       ||     1
       Blink             |     1 |       ||     1
  Use: Scroll            |     5 |       ||     5
       Potion            |     1 |       ||     1
 Stab: Confused          |     2 |       ||     2
  Eat: Chunk             |     3 |       ||     3
       Fruit             |     1 |       ||     1
Armor: Leather armour    |    25 |       ||    25
Dodge: Dodged            |    55 |     1 ||    56
